 Dungeon Crawl Stone Soup version 0.29-a0-1009-g60c99734e7 (webtiles) character file.

Game seed: 4612689669822406643

53 purpskrrrp the Magician (level 4, -2/31 HPs)
             Began as a Djinni Conjurer on Aug 9, 2022.
             Killed from afar by an orc wizard (8 damage)
             ... with a magic dart
             ... on level 3 of the Dungeon.
             The game lasted 00:05:38 (2806 turns).

purpskrrrp the Magician (Djinni Conjurer)           Turns: 2806, Time: 00:05:38

Health: -2/31      AC:  3    Str:  6    XL:     4   Next: 11%
Gold:   198        EV: 10    Int: 21    God:
                   SH:  6    Dex: 12

rFire   + + .      SeeInvis .   (no weapon)
rCold   x . .      Faith    .   c - +0 kite shield
rNeg    . . .      Spirit   .   a - +0 robe
rPois   ∞          Reflect  .   d - +0 helmet
rElec   .          Harm     .   (no cloak)
rCorr   .          Rampage  .   (no gloves)
Will    .....                   (boots unavailable)
Stlth   ++........              (no amulet)
HPRegen 0.10/turn               (no ring)
MPRegen 0.00/turn               (no ring)

@: flying
A: sickness immunity, fire resistance 2, cold vulnerability 1, float, innate
caster, HP casting, extra vitality 1
a: no special abilities


You were on level 3 of the Dungeon.
You visited 1 branch of the dungeon, and saw 3 of its levels.

You collected 198 gold pieces.

Inventory:

Armour
 a - a +0 robe (worn)
 c - a +0 kite shield (worn)
 d - a +0 helmet (worn)
Wands
 l - a wand of roots (12)
Scrolls
 b - a scroll of vulnerability {unknown}
 f - 2 scrolls of silence
 h - a scroll of identify
 j - a scroll of enchant weapon {unknown}
Potions
 e - a potion of curing
 g - a potion of ambrosia {unknown}
 i - a potion of haste {unknown}
 k - a potion of cancellation {unknown}


   Skills:
 - Level 2.2 Dodging
 - Level 1.6 Stealth
 * Level 4.2 Spellcasting


You couldn't memorise any spells.
You knew the following spells:

 Your Spells              Type           Power      Damage    Failure   Level
a - Magic Dart            Conj           88%        1d7       8%          1
b - Searing Ray           Conj           44%        2d6       11%         2
c - Dazzling Flash        Conj/Hex       44%        N/A       22%         3
d - Fulminant Prism       Conj/Hex       11%        3d9       58%         4
e - Iskenderun's Mystic   Conj/Tloc      22%        2d6       58%         4
f - Summon Small Mammal   Summ           88%        N/A       8%          1
Your spell library was empty.

Dungeon Overview and Level Annotations

Branches:
Dungeon (3/15)

Altars:

Shops:
D:2 !


Innate Abilities, Weirdness & Mutations

You are immune to sickness and miasma.
You are immune to poison.
Your flesh is very heat resistant. (rF++)
You are vulnerable to cold. (rC-)
You float through the air rather than walking.
You learn spells naturally, not from books.
Your magical power is your life essence.
You have superior vitality. (+4 MHP)


Message History

The orc wizard closely misses you.
You closely miss the orc wizard.
The orc wizard is heavily wounded.
The orc wizard points at you and mumbles some strange words.
The magic dart hits you.
You hit the orc wizard but do no damage.
The orc wizard is heavily wounded.
You block the orc wizard's attack.
You hear some strange, mumbled words.
Something tries to affect you, but you resist.
You barely miss the orc wizard.
The orc wizard is heavily wounded.
You block the orc wizard's attack.
Something hits you but does no damage. x2
The orc wizard barely misses you.
The magic dart hits the orc wizard but does no damage.
The orc wizard is heavily wounded.
The orc wizard hits you but does no damage.
Something hits you but does no damage.
The magic dart hits the orc wizard.
The orc wizard is severely wounded.
The orc wizard closely misses you.
You hear some strange, mumbled words.
You are confused.
You bump into the rock wall.
Something hits you but does no damage.
The orc wizard hits you with a +0 dagger.
You miss something.
The orc wizard mumbles some strange words.
The orc wizard flickers and vanishes!
Something hits you.
You closely miss something. Something hits you but does no damage.
Something hits you.
You bump into the rock wall.
Something hits you.
* * * LOW HITPOINT WARNING * * *
Something hits you.
* * * LOW HITPOINT WARNING * * *
You bump into the rock wall.
You feel less confused.
You hear some strange, mumbled words.
A magic dart appears from out of thin air!
The magic dart hits you!
You die...

.... ## ..{ #..
♣.) #...♣.. ###
..P...$ ..#
..P♣...###.#
.......<...#
.#.....##..#####.#
##...# #.{{@..=.#
...... ##.#######
####. #.# #. #.# #
..# ###


There were no monsters in sight!

Vanquished Creatures
  2 dart slugs (D:1)
  An orc (D:3)
  3 ball pythons (D:1)
  4 endoplasms (D:1)
  A giant cockroach (D:1)
  3 goblins (D:2)
  3 hobgoblins
  10 jackals (D:1)
  A quokka (D:1)
  4 bats
  3 frilled lizards
  4 kobolds
  4 rats
43 creatures vanquished.

Notes
Turn   | Place    | Note
-------+----------+-------------------------------------------
     0 | D:1      | purpskrrrp the Djinni Conjurer began the quest for the Orb.
     0 | D:1      | purpskrrrp set off with the following spells memorised:
                  | Magic Dart, Searing Ray, Dazzling Flash, Fulminant Prism,
                  | Iskenderun's Mystic Blast.
     0 | D:1      | Reached XP level 1. HP: 15/15 MP: 0/0
   345 | D:1      | Reached XP level 2. HP: 15/21 MP: 0/0
  1011 | D:1      | Reached XP level 3. HP: 24/25 MP: 0/0
  1011 | D:1      | Learned a level 1 spell: Summon Small Mammal
  1370 | D:1      | Reached skill level 4 in Spellcasting
  1587 | D:1      | Found a faded altar of an unknown god.
  2235 | D:2      | Reached XP level 4. HP: 29/31 MP: 0/0
  2548 | D:2      | Found Wuotuod's Distillery.
  2806 | D:3      | Killed from afar by an orc wizard

Illustrated notes

Levels and vault maps discovered:
D:1:      dpeg_arrival_rooms_b, layout_basic, chequers_ecumenical_altar_simple,
          minmay_split_cup_small
D:2:      layout_loops_ring, serial_shops, shop_coins, kennysheep_cross_room,
          st_stairs_8
D:3:      minmay_spotlight, layout_loops_corners, serial_park_tiny_2,
          minmay_diced_spiral

Skill      XL: |  1  2  3 |
---------------+----------+-----
Spellcasting   | 4 |  4.2
Dodging        | |  2.2
Stealth        | |  1.6

Action                   |  1- 3 |  4- 6 || total
-------------------------+-------+-------++-------
Melee: Unarmed           |     4 |     7 ||    11
 Cast: Magic Dart        |    81 |    13 ||    94
  Use: Scroll            |     2 |       ||     2
Armor: Robe              |     4 |     7 ||    11
Dodge: Dodged            |     6 |     3 ||     9
Block: Kite shield       |     2 |     3 ||     5

Table legend: (Time is in decaauts)
 A = Elapsed time spent in this place.
 B = Non-inter-level travel time spent in this place.
 C = Inter-level travel time spent in this place.
 D = Time resting spent in this place.
 E = Time spent auto-exploring this place.
 F = Levels seen in this place.
 G = Mean time per level.
                   A        B        C        D        E       F      G
               +--------+--------+--------+--------+--------+-----+--------+
         Total |   2806 |   2721 |     85 |    351 |   2155 |   3 |  935.3 |
       Dungeon |   2806 |   2721 |     85 |    351 |   2155 |   3 |  935.3 |
               +--------+--------+--------+--------+--------+-----+--------+

Top non-repeatable levels by time:
     D:1: 1886 daAuts
     D:2: 894 daAuts
     D:3: 26 daAuts
